Map: Catallena LE (Void)

Players

CapitanDuro

  • Race: Terran Terran
  • League: Silver
  • Spawn Location: 9:00

Cuervo - Winner!

  • Race: Terran Terran
  • Spawn Location: 12:00

VOD

Have the link to the VOD?

Description

Time

  • Played on: Sept. 20, 2017, 4:13 p.m.
  • Length: 5:19
Show
View Real Time Build Order
Export as new Build Order

CapitanDuro Terran 

Build Orders:  

Get SALT Encoding   

  12  0:01  SCV  
  13  0:13  SCV  
  14  0:18  Supply Depot  
  14  0:26  SCV  
  15  0:42  Barracks, SCV  
  16  0:47  Refinery  
  16  0:55  SCV  
  17  1:07  SCV  
  18  1:28  Orbital Command  
  18  1:32  Barracks Reactor  
  18  1:47  Command Center  
  18  1:54  SCV  
  19  2:04  Barracks  
  19  2:09  Marine  
  19  2:11  Marine  
  19  2:14  SCV  
  22  2:29  Barracks  
  22  2:32  Marine  
  23  2:43  Supply Depot  
  23  2:54  Barracks Reactor  
  23  2:58  Marine, SCV  
  23  3:05  Orbital Command  
  25  3:10  SCV  
  25  3:11  Marine  
  27  3:16  Supply Depot  
  27  3:20  Barracks Reactor  
  27  3:23  SCV  
  27  3:24  Factory  
  27  3:26  Marine  
  29  3:31  Marine x2  
  29  3:32  Marine  
  32  3:39  Refinery  
  32  3:42  SCV  
  32  3:43  SCV  
  32  3:45  Marine  
  35  3:57  Marine x3  
  35  3:58  Marine  
  39  4:05  SCV  
  39  4:06  SCV  
  39  4:07  Marine  
  39  4:09  Starport  
  42  4:15  Supply Depot  
  42  4:16  Marine  
  43  4:19  Factory Reactor  
  43  4:22  SCV  
  43  4:23  SCV  
  45  4:31  Marine x2  
  45  4:34  SCV  
  45  4:36  Marine  
  45  4:37  Marine x2  
  46  4:56  Marine x2  
Show
View Real Time Build Order
Export as new Build Order

Cuervo Terran - Winner!

Build Orders: 1/1/1 

Get SALT Encoding   

  12  0:01  SCV  
  13  0:13  SCV  
  14  0:18  Supply Depot  
  14  0:25  SCV  
  15  0:39  SCV  
  15  0:40  Refinery  
  16  0:46  Barracks  
  16  0:51  SCV  
  17  1:00  Refinery  
  17  1:03  SCV  
  18  1:15  SCV  
  19  1:28  SCV  
  20  1:33  Marine  
  20  1:34  Factory  
  21  1:41  Supply Depot  
  21  1:42  SCV  
  22  1:51  Marine  
  23  1:57  Orbital Command  
  23  2:17  Starport  
  23  2:19  Factory Tech Lab  
  23  2:23  SCV  
  23  2:25  Marine  
  25  2:35  SCV  
  26  2:40  Siege Tank  
  26  2:43  Marine  
  30  2:47  SCV  
  30  2:49  Supply Depot  
  31  3:11  Marine, SCV, Medivac  
  35  3:14  Supply Depot  
  35  3:16  Siege Tank  
  38  3:23  SCV  
  39  3:36  SCV  
  39  3:37  Marine  
  39  3:39  Supply Depot  
  39  3:41  Medivac  
  43  3:54  Marine, SCV  
  45  4:07  Command Center  
  45  4:12  Marine  
  46  4:20  Medivac  
  46  4:22  Siege Tank  
  51  4:26  SCV  
  51  4:30  Marine  
Tags
 
League
Silver
Matchup
TvT
Opening
1/1/1
Race
Terran
Spawn Locations
Close Positions
Add a new tag
Caveats
  • Supply blocks, unpowered buildings, or Contaminate may cause inaccurate times.
  • Supply counts are checked every 10 seconds.